 Dungeon Crawl Stone Soup version 0.30.0-17-ge0270778cf (webtiles) character file.

Game seed: 1270872143359977484

2398 Kenran the Carver (level 9, -14/69 HPs)
             Began as a Formicid Fighter on May 21, 2023.
             Was a Believer of Wu Jian.
             Demolished by a gnoll sergeant
             ... wielding a +0 glaive
              (20 damage)
             ... in a bailey.
             The game lasted 00:11:25 (6551 turns).

Kenran the Carver (Formicid Fighter)                Turns: 6551, Time: 00:11:25

Health: -14/69     AC: 11    Str: 27    XL:     9   Next: 75%
Magic:  9/9        EV:  7    Int:  8    God:    Wu Jian [**....]
Gold:   304        SH: 10    Dex: 17    Spells: 8/8 levels left

rFire   . . .        a - +1 scimitar (drain)
rCold   . . .        c - +0 buckler
rNeg    . . .        n - +0 plate armour
rPois   .            (helmet unavailable)
rElec   .            (no cloak)
rCorr   .            (no gloves)
SInv    +            (no boots)
Will    .....        p - amulet of reflection Stlth
                     q - +6 ring of strength
HPRegen 0.31/turn    (no ring)
MPRegen 0.11/turn

%: reflection
@: weakened
A: permanent stasis, dig shafts and tunnels, antennae 3, four strong arms
a: Dig, Renounce Religion, Wall Jump


You were in a bailey.
You worshipped Wu Jian.
Wu Jian was pleased with you.
You visited 2 branches of the dungeon, and saw 8 of its levels.
You also visited: Bailey.

You collected 304 gold pieces.

Inventory:

Hand Weapons
 a - a +1 scimitar of draining (weapon)
 u - a +0 short sword of flaming
Missiles
 C - 4 throwing nets
Armour
 c - a +0 buckler (worn)
 n - a +0 plate armour (worn)
Jewellery
 p - an amulet of reflection (around neck)
 q - a +6 ring of strength (left hand)
Wands
 g - a wand of roots (5)
 s - a wand of mindburst (15)
Scrolls
 b - 3 scrolls of poison {!r}
 d - a scroll of fog
 f - a scroll of brand weapon {unknown}
 l - a scroll of silence
 m - a scroll of noise {unknown}
 r - 3 scrolls of enchant armour {unknown}
 y - a scroll of immolation {unknown}
 B - a scroll of acquirement {unknown}
Potions
 e - 4 potions of curing {@q1}
 h - a potion of magic {unknown}
 j - a potion of haste {unknown}
 k - a potion of brilliance
 o - a potion of mutation {unknown}
 t - a potion of attraction {unknown}
 v - a potion of degeneration {unknown}
 w - a potion of experience {unknown}
 x - a potion of ambrosia {unknown}
 z - a potion of resistance {unknown}
 A - a potion of cancellation {unknown}


   Skills:
 - Level 6.0 Fighting
 + Level 11.3 Long Blades
 - Level 3.2 Armour
 - Level 4.0 Shields
 - Level 3.0 Evocations


You had 8 spell levels left.
You didn't know any spells.
Your spell library contained the following spells:

 Spells                   Type           Power      Damage    Failure   Level
 Static Discharge         Conj/Air       0%         2-2/arc   100%        2
 Airstrike                Air            0%         2d(0-16)  100%        4
 Summon Lightning Spire   Summ/Air       0%         N/A       100%        4


Dungeon Overview and Level Annotations

Branches:
Dungeon (7/15)             Temple (1/1) D:4          Bailey (1/1)

Altars:
Cheibriados
Dithmenos
Elyvilon
Fedhas
Gozag
Hepliaklqana
Kikubaaqudgha
Makhleb
Nemelex Xobeh
Okawaru
Qazlal
Ru
Sif Muna
Trog
Uskayaw
Wu Jian
Xom
Yredelemnul
Zin

Shops:
D:2 [

Annotations:
D:4 exclusion: downstairs
D:6 3 runed translucent doors, P0WERM0DE's ghost, amateur MeMo


Innate Abilities, Weirdness & Mutations

You cannot be hasted, slowed, berserked, paralysed or teleported.
You can dig through walls and to a lower floor.
You have a pair of large antennae on your head. (SInv)
Your four strong arms can wield two-handed weapons with a shield.


Message History

You block the wolf's attack.
Okay, then.
Aiming: Wall Jump
Press: ? - help, Dir - move target The wolf bites you but does no damage.
The gnoll bouda gazes fiercely through you!
You feel your attacks grow feeble. The wolf barely misses you.
You slash the wolf!
You kill the wolf!
The Council accepts your kill.
The gnoll sergeant hits you from afar with a +0 halberd!
* * * LOW HITPOINT WARNING * * *
The gnoll bouda gazes fiercely through you!
You feel as though you will be weak longer.
The gnoll bouda gazes fiercely through you!
You feel as though you will be weak longer.
The gnoll bouda gazes fiercely through the gnoll sergeant!
You feel as though you will be weak longer.
The gnoll bouda gazes fiercely through you!
You feel as though you will be weak longer.
The gnoll bouda barks out a call to the hunt!
The gnolls pick up the pace!
There is an open door here.
The gnoll bouda barks out a call to the hunt!
Things that are here:
a +0 trident; a +0 chain mail The gnoll sergeant completely misses you.
There is an open gate here.
The gnoll sergeant hits you but does no damage.
You block the gnoll sergeant's attack. x2
The gnoll bouda gazes fiercely through you!
You feel as though you will be weak longer.
The gnoll bouda gazes fiercely through you!
You feel as though you will be weak longer.
There is an empty arch of ancient stone, spattered with blood here.
Things that are here:
a +0 trident; a +0 chain mail; a gnoll skeleton The gnoll sergeant hits you from afar with a +0 glaive!!
You die...

≣≣≣≣≣≣'''≣≣≣≣≣≣.≈♣
................≈♣
.......g.......≈≈♣
≈≈≈≈≈≈.g.≈≈≈≈≈≈≈♣
........g......♣
♣♣.....gg....♣♣♣
♣♣♣♣..g....♣♣
♣♣.).♣♣♣♣ ♣♣@♣♣
♣.♣ ♣∩♣ ###


You could see 3 gnoll sergeants, 2 gnoll boudas and a gnoll (swift).

Vanquished Creatures
  A hornet zombie (D:7)
  An ice beast (D:5)
  2 wolves (Bailey)
  An ogre (D:5)
  3 phantoms
  Blork the orc (D:4)
  2 gnoll sergeants (Bailey)
  3 scorpions (D:4)
  6 wights
  A howler monkey (D:5)
  2 bullfrog zombies (D:6)
  A centaur zombie (D:7)
  A quasit (D:4)
  4 jellies
  2 orc priests
  4 hounds
  A gnoll bouda (Bailey)
  2 iguanas
  Natasha (thrice) (D:4)
  3 orc wizards
  A killer bee zombie (D:7)
  9 gnolls (Bailey)
  10 adders
  4 shadow imps (D:4)
  2 white imps
  An ufetubus (D:4)
  4 worms
  5 dart slugs
  17 orcs
  2 bats (D:1)
  5 endoplasms
  7 giant cockroaches
  9 hobgoblins
  2 jackals (D:3)
  8 kobolds
  5 quokkas
  2 ball pythons (D:1)
  2 frilled lizards
  10 goblins
  3 rats
152 creatures vanquished.

Notes
Turn   | Place    | Note
-------+----------+-------------------------------------------
     0 | D:1      | Kenran the Formicid Fighter began the quest for the Orb.
     0 | D:1      | Reached XP level 1. HP: 18/18 MP: 1/1
   188 | D:1      | Reached XP level 2. HP: 24/24 MP: 2/2
   343 | D:1      | Reached skill level 3 in Long Blades
   466 | D:1      | Reached XP level 3. HP: 29/29 MP: 3/3
   708 | D:1      | Found a faded altar of an unknown god.
   828 | D:2      | Found Meonotom's Armour Shop.
  1076 | D:2      | Reached skill level 4 in Long Blades
  1076 | D:2      | Reached XP level 4. HP: 35/35 MP: 4/4
  1553 | D:2      | Reached XP level 5. HP: 9/41 MP: 5/5
  1757 | D:3      | Reached skill level 5 in Long Blades
  2516 | D:4      | Reached skill level 6 in Long Blades
  2516 | D:4      | Reached XP level 6. HP: 31/47 MP: 6/6
  2608 | D:4      | Noticed Blork the orc
  2618 | D:4      | Killed Blork the orc
  2787 | D:4      | Reached skill level 7 in Long Blades
  2787 | D:4      | Reached XP level 7. HP: 52/52 MP: 7/7
  3122 | D:4      | Found a staircase to the Ecumenical Temple.
  3130 | Temple   | Entered the Ecumenical Temple
  3135 | Temple   | Became a worshipper of the Wu Jian Council
  3181 | D:4      | Reached skill level 8 in Long Blades
  3315 | D:4      | Noticed Natasha
  3319 | D:4      | Killed Natasha
  3686 | D:4      | Noticed Natasha
  3699 | D:4      | Killed Natasha
  3700 | D:4      | Reached XP level 8. HP: 41/58 MP: 8/8
  3794 | D:4      | Noticed Natasha
  3798 | D:4      | Killed Natasha
  3913 | D:5      | Entered Level 5 of the Dungeon
  4009 | D:5      | Reached skill level 9 in Long Blades
  4058 | D:5      | Reached * piety under Wu Jian
  4270 | D:5      | Reached skill level 1 in Evocations
  4538 | D:5      | Found a glowing silver altar of Zin.
  4884 | D:6      | Reached skill level 10 in Long Blades
  4905 | D:6      | Found a runed translucent gate.
  4905 | D:6      | Found a runed translucent gate.
  4905 | D:6      | Found a runed translucent gate.
  4905 | D:6      | Noticed P0WERM0DE's ghost (amateur MeMo)
  4907 | D:6      | Found a basalt altar of Yredelemnul.
  4949 | D:6      | Reached XP level 9. HP: 65/65 MP: 9/9
  5681 | D:6      | Reached skill level 5 in Fighting
  6096 | D:7      | Found a flagged portal.
  6132 | Bailey   | Entered a bailey
  6347 | Bailey   | Reached skill level 11 in Long Blades
  6358 | Bailey   | Reached ** piety under Wu Jian
  6535 | Bailey   | HP: 1/69 [gnoll sergeant/+0 halberd (12)]
  6551 | Bailey   | Demolished by a gnoll sergeant

Illustrated notes

Levels and vault maps discovered:
D:1:      wander_arrival_estate, layout_basic, ebering_ecumenical_altar_ruins
D:2:      layout_loops_ring, serial_shops, nicolae_shop_scrapyard
D:3:      layout_basic
D:4:      layout_loops_corners, minmay_temple_entry_butterflies, serial_demonic,
          serial_demonic_b, serial_demonic_b, serial_demonic_f,
          serial_demonic_e, serial_demonic_g, serial_demonic_a, uniq_natasha,
          uniq_blork_the_orc
D:5:      layout_rooms, kennysheep_mini_moat, st_stairs_3,
          nicolae_underground_beach
D:6:      nicolae_BIG_FREAKIN_CUBE, layout_basic,
          nicolae_yredelemnul_ghost_church
D:7:      layout_rooms, evilmike_ruin_ashenzari, enter_bailey_4, serial_undead,
          serial_undead_d, serial_undead_d, serial_undead_b, serial_undead_c,
          serial_undead_d, minmay_quadrilaterals
Temple:   sentei_temple_godly_chess
Bailey:   bailey_polearm_gnolls_kennysheep, bailey

Skill      XL: |  1  2  3  4  5  6  7  8  9 |
---------------+----------------------------+-----
Long Blades    | 3 4 6 7 8 10 11 | 11.3
Evocations     | 3 |  3.0
Fighting       | 6 |  6.0
Armour         | |  3.2
Shields        | |  4.0

Action                     |  1- 3 |  4- 6 |  7- 9 || total
---------------------------+-------+-------+-------++-------
  Melee: Long sword        |    88 |   177 |   254 ||   519
         Scimitar          |       |       |   139 ||   139
Ability: Dig               |       |     1 |     4 ||     5
         Lunge             |       |       |    14 ||    14
         Whirlwind         |       |       |    10 ||    10
         Wall Jump         |       |       |     1 ||     1
  Evoke: Wand              |       |       |     5 ||     5
    Use: Scroll            |       |     4 |     2 ||     6
         Potion            |       |     1 |     5 ||     6
   Stab: Distracted        |     1 |       |       ||     1
 Armour: Scale mail        |    31 |     7 |       ||    38
         Plate armour      |       |    65 |   150 ||   215
  Dodge: Dodged            |    27 |    37 |    84 ||   148
  Block: Buckler           |    15 |    76 |   210 ||   301
         Reflection        |       |     1 |     3 ||     4
